 Dungeon Crawl Stone Soup version 0.30-a0-632-g346586fe48 (webtiles) character file.

Game seed: 12028822117190391715

1738 Mitcholas the Skirmisher (level 8, -4/48 HPs)
             Began as a Deep Elf Hunter on Jan 13, 2023.
             Shot with an arrow by a centaur (11 damage)
             ... on level 7 of the Dungeon.
             The game lasted 00:12:02 (4776 turns).

Mitcholas the Skirmisher (Deep Elf Hunter)          Turns: 4776, Time: 00:12:03

Health: -4/48      AC:  9    Str:  8    XL:     8   Next: 77%
Magic:  10/10      EV: 16    Int: 15    God:
Gold:   331        SH:  0    Dex: 20    Spells: 7/7 levels left

rFire   . . .      SeeInvis .    a - +0 shortbow
rCold   + . .      Faith    .    (shield currently unavailable)
rNeg    . . .      Spirit   .    r - +2 robe {rC+}
rPois   .          Reflect  .    (no helmet)
rElec   .          Harm     .    k - +0 cloak
rCorr   .          Rampage  .    (no gloves)
Will    .....                    (no boots)
Stlth   +++                      (no amulet)
HPRegen 0.28/turn                f - +4 ring of protection
MPRegen 0.12/turn                (no ring)

@: no status effects
A: no striking features
a: no special abilities


You were on level 7 of the Dungeon.
You visited 1 branch of the dungeon, and saw 7 of its levels.

You collected 331 gold pieces.

Inventory:

Hand Weapons
 a - a +0 shortbow (weapon)
Missiles
 u - 4 atropa-tipped darts
 w - 2 datura-tipped darts
Armour
 k - a +0 cloak (worn)
 r - a +2 robe of cold resistance (worn)
Jewellery
 f - a +4 ring of protection (left hand)
 v - an amulet of magic regeneration
Wands
 c - a wand of charming (9)
 o - a wand of roots (5)
 s - a wand of flame (21)
Scrolls
 b - 2 scrolls of immolation
 d - 2 scrolls of teleportation {unknown}
 e - 4 scrolls of identify {unknown}
 l - 2 scrolls of noise {unknown}
 m - 2 scrolls of magic mapping {unknown}
 n - 3 scrolls of poison {unknown}
 t - a scroll of fog {unknown}
 x - a scroll of amnesia {unknown}
 y - a scroll of fear {unknown}
 A - a scroll of enchant weapon {unknown}
 C - a scroll of blinking {unknown}
Potions
 g - 3 potions of curing {unknown}
 h - a potion of mutation {unknown}
 i - a potion of berserk rage {unknown}
 j - a potion of cancellation {unknown}
 p - a potion of degeneration {unknown}
 q - a potion of might {unknown}
 z - a potion of lignification {unknown}
 B - a potion of heal wounds {unknown}


   Skills:
 + Level 4.8 Fighting
 * Level 11.3 Ranged Weapons
 + Level 6.8 Dodging
 - Level 4.0 Stealth
 + Level 0.0 Evocations


You had 7 spell levels left.
You didn't know any spells.
Your spell library contained the following spells:

 Spells                   Type           Power      Damage    Failure   Level
 Airstrike                Air            0%         2d(0-16)  95%         4
 Summon Lightning Spire   Summ/Air       0%         N/A       95%         4
 Lightning Bolt           Conj/Air       0%         1d11      100%        5
 Storm Form               Tmut/Air       0%         N/A       100%        7
 Maxwell's Capacitive Co  Air            0%         ∞         100%        8


Dungeon Overview and Level Annotations

Branches:
Dungeon (7/15)
 Temple: D:4-7

Altars:
Trog
Wu Jian
Xom
Zin

Annotations:
D:4 Edmund, Grinder


Message History

The centaur closely misses you.
The centaur kicks you but does no damage.
The centaur shoots an arrow.
The arrow hits you.
An orc comes into view. It is wielding a +0 club.
The centaur misses you. The centaur completely misses you.
You shoot an arrow. The arrow hits the centaur!
The centaur is heavily wounded.
The centaur shoots an arrow.
The arrow misses you.
The centaur hits you but does no damage.
The centaur misses you.
The centaur shoots an arrow.
The arrow hits you!
You hear a shout!
You shoot an arrow.
The arrow hits the centaur but does no damage.
The centaur is heavily wounded.
The centaur barely misses you. The centaur kicks you.
The centaur shoots an arrow.
The arrow misses you.
An orc comes into view. It is wielding a +0 hand axe.
You shoot an arrow.
The arrow hits the centaur but does no damage.
The centaur is heavily wounded.
The centaur shoots an arrow.
The arrow barely misses you. The centaur barely misses you.
The centaur kicks you but does no damage.
The centaur shoots an arrow.
The arrow closely misses you. The centaur barely misses you.
The centaur closely misses you. The centaur attacks as you move away!
The centaur hits you. The centaur barely misses you.
The centaur wields a +0 shortbow.
The centaur shoots an arrow.
The arrow completely misses you.
The centaur shoots an arrow.
The arrow closely misses you.
The centaur shoots an arrow.
The arrow hits you but does no damage.
The centaur shoots an arrow.
The arrow hits you.
The centaur shoots an arrow.
The arrow hits you.
The centaur shoots an arrow.
The arrow closely misses you.
The centaur shoots an arrow.
The arrow hits you!
The centaur shoots an arrow.
The arrow hits you!
* * * LOW HITPOINT WARNING * * *
The centaur shoots an arrow.
The arrow hits you.
* * * LOW HITPOINT WARNING * * *
The centaur shoots an arrow.
The arrow hits you!
You die...

##) .# ##..
...#..o
.......
##.....###
#........###
.....#.o.oo###
...
###cc...### .
###....@#
#######


You could see 2 centaurs and 3 orcs.

Vanquished Creatures
  Sigmund (D:3)
  A water moccasin (D:6)
  2 orc warriors (D:5)
  2 ogres
  A centaur (D:6)
  A phantom (D:3)
  2 bullfrogs (D:6)
  A jelly (D:6)
  A necrophage (D:6)
  4 wights
  A hound (D:6)
  An orc priest (D:5)
  3 iguanas
  Jessica (D:2)
  3 orc wizards
  Ijyb (D:3)
  Natasha (D:4)
  4 gnolls (D:5)
  6 adders
  A white imp (D:5)
  An ufetubus (D:5)
  2 worms
  A dart slug (D:1)
  13 orcs
  9 ball pythons
  9 endoplasms
  9 giant cockroaches
  7 goblins
  10 hobgoblins
  3 quokkas
  6 bats
  3 frilled lizards
  4 kobolds
  4 rats
119 creatures vanquished.

Notes
Turn   | Place    | Note
-------+----------+-------------------------------------------
     0 | D:1      | Mitcholas the Deep Elf Hunter began the quest for the Orb.
     0 | D:1      | Reached XP level 1. HP: 12/12 MP: 3/3
   423 | D:1      | Reached XP level 2. HP: 17/17 MP: 4/4
   894 | D:2      | Reached XP level 3. HP: 17/21 MP: 5/5
  1010 | D:2      | Noticed Jessica
  1015 | D:2      | Reached skill level 6 in Ranged Weapons
  1017 | D:2      | Killed Jessica
  1018 | D:2      | Reached XP level 4. HP: 26/26 MP: 6/6
  1258 | D:2      | Found a glowing silver altar of Zin.
  1598 | D:3      | Noticed Sigmund
  1638 | D:3      | Reached XP level 5. HP: 30/31 MP: 7/7
  1781 | D:3      | Noticed a phantom
  1799 | D:3      | Killed a phantom
  1800 | D:3      | Reached skill level 7 in Ranged Weapons
  1827 | D:3      | Noticed Ijyb
  1831 | D:3      | Killed Ijyb
  1832 | D:3      | Reached XP level 6. HP: 35/36 MP: 8/8
  1929 | D:3      | Killed Sigmund
  1930 | D:3      | Reached skill level 8 in Ranged Weapons
  2206 | D:4      | Noticed Edmund
  2294 | D:4      | Found an ornate altar of the Wu Jian Council.
  2321 | D:4      | Found a bloodstained altar of Trog.
  2321 | D:4      | Noticed Natasha
  2331 | D:4      | Killed Natasha
  2333 | D:4      | Found a shimmering altar of Xom.
  2573 | D:4      | Noticed Grinder
  2676 | D:5      | Entered Level 5 of the Dungeon
  2997 | D:5      | Reached XP level 7. HP: 41/41 MP: 9/9
  3172 | D:5      | Reached skill level 5 in Dodging
  3564 | D:5      | Reached skill level 9 in Ranged Weapons
  3817 | D:6      | Reached XP level 8. HP: 48/48 MP: 10/10
  3848 | D:6      | Reached skill level 10 in Ranged Weapons
  4314 | D:6      | Reached skill level 11 in Ranged Weapons
  4776 | D:7      | Shot with an arrow by a centaur

Illustrated notes

Levels and vault maps discovered:
D:1:      dpeg_arrival_rooms_a, layout_basic
D:2:      layout_loops_ring, basic_altar, minmay_worlds_worst_comb, uniq_jessica
D:3:      layout_basic, uniq_sigmund, uniq_ijyb
D:4:      layout_loops_cross, pdpol_wu_jian_five_deadly_venoms,
          nicolae_overflow_hidden_temple, minmay_temple_entry_nine_rooms,
          uniq_edmund, uniq_grinder, uniq_natasha, uniq_robin
D:5:      layout_basic, minivault_23
D:6:      layout_gridville, minivault_25
D:7:      nzn_winding_woodlands_small [nzn_winding_woodlands_5x15_lazy_stream,
          nzn_winding_woodlands_center_lodge,
          nzn_winding_woodlands_5x15_garden], layout_loops_cross,
          minmay_crossroads

Skill      XL: |  1  2  3  4  5  6  7  8 |
---------------+-------------------------+-----
Stealth        | 2 3 4 |  4.0
Dodging        | 3 4 5 6 |  6.8
Fighting       | 2 3 4 |  4.8
Ranged Weapons | 6 7 8 9 11 | 11.3

Action                   |  1- 3 |  4- 6 |  7- 9 || total
-------------------------+-------+-------+-------++-------
 Fire: Shortbow          |    77 |   178 |   179 ||   434
Evoke: Wand              |       |     3 |       ||     3
Armor: Leather armour    |    11 |    19 |       ||    30
       Robe              |       |     8 |    24 ||    32
Dodge: Dodged            |    16 |    51 |    85 ||   152

Table legend: (Time is in decaauts)
 A = Elapsed time spent in this place.
 B = Non-inter-level travel time spent in this place.
 C = Inter-level travel time spent in this place.
 D = Time resting spent in this place.
 E = Time spent auto-exploring this place.
 F = Levels seen in this place.
 G = Mean time per level.
                   A        B        C        D        E       F      G
               +--------+--------+--------+--------+--------+-----+--------+
         Total |   4833 |   4546 |    287 |    306 |   3320 |   7 |  690.4 |
       Dungeon |   4833 |   4546 |    287 |    306 |   3320 |   7 |  690.4 |
               +--------+--------+--------+--------+--------+-----+--------+

Top non-repeatable levels by time:
     D:5: 1137 daAuts
     D:6: 941 daAuts
     D:1: 878 daAuts
     D:3: 752 daAuts
     D:2: 712 daAuts
     D:4: 385 daAuts
     D:7: 26 daAuts
